 Dungeon Crawl Stone Soup version 0.27.1-3-gb3d3a73c9e (webtiles) character file.

Game seed: 14857068652205227779

7674 Gabide the Grappler (level 10, -4/81 HPs)
             Began as a Demonspawn Chaos Knight on Oct 15, 2021.
             Was a Plaything of Xom.
             Slain by a meliai (9 damage)
             ... on level 11 of the Dungeon.
             The game lasted 00:33:53 (9669 turns).

Gabide the Grappler (Demonspawn Chaos Knight)       Turns: 9669, Time: 00:33:54

Health: -4/81      AC: 10    Str: 16    XL:     10   Next: 99%
Magic:  10/10      EV: 15    Int: 14    God:    Xom [.....*]
Gold:   758        SH:  5    Dex: 12    Spells: 9/9 levels left

rFire    . . .     SeeInvis +     - Unarmed
rCold    . . .     Faith    .   (no shield)
rNeg     . . .     Spirit   .   u - +2 robe "Bibaero" {rPois Regen+}
rPois    +         Reflect  +   s - +0 helmet
rElec    .         Harm     .   F - +1 cloak {rCorr}
rCorr    +         Rampage  .   (no gloves)
Will     +....     Clarity  +   q - +0 pair of boots
Stlth    ++........             t - amulet of reflection
HPRegen  1.23/turn              e - ring of willpower
MPRegen  0.12/turn              h - ring of poison resistance

@: mighty, about to teleport
A: molten scales 1, powered by pain 3, see invisible, clarity, robust 1, wild
magic 1, MP-powered wands
a: Renounce Religion


You were on level 11 of the Dungeon.
You worshipped Xom.
You were Xom's teddy bear.
You visited 1 branch of the dungeon, and saw 11 of its levels.

You collected 758 gold pieces.

Inventory:

Hand Weapons
 g - a +2 short sword of venom
Missiles
 C - 85 stones (quivered)
Armour
 q - a +0 pair of boots (worn)
 s - a +0 helmet (worn)
 u - the +2 robe "Bibaero" (worn) {rPois Regen+}
   (You found it on level 7 of the Dungeon)

   rPois:     It protects you from poison.
   Regen:     It increases your rate of health regeneration.
 F - a +1 cloak of preservation (worn)
Jewellery
 b - the ring "Siureh" {Ice *Slow rCorr Str+4 Slay+3}
   (You found it on level 7 of the Dungeon)

   [ring of ice]

   It enhances your ice magic.
   Str:       It affects your strength (+4).
   Slay:      It affects your accuracy & damage with ranged weapons and melee
   (+3).
   rF:        It makes you vulnerable to fire.
   rC:        It protects you from cold.
   rCorr:     It protects you from acid and corrosion.
   *Slow:     It may slow you when you take damage.
 e - a ring of willpower (left hand)
 h - a ring of poison resistance (right hand)
 r - a ring of positive energy
 t - an amulet of reflection (around neck)
 B - an amulet of regeneration
 E - an amulet of magic regeneration
Wands
 c - a wand of iceblast (12)
 l - a wand of flame (20)
 o - a wand of acid (5)
 p - a wand of polymorph (10)
 x - a wand of paralysis (4)
Scrolls
 j - 2 scrolls of teleportation
 k - 2 scrolls of magic mapping
 v - 4 scrolls of identify
 w - a scroll of summoning {unknown}
 y - a scroll of enchant armour {unknown}
 A - a scroll of enchant weapon {unknown}
Potions
 d - a potion of magic {unknown}
 f - a potion of invisibility {unknown}
 i - a potion of attraction {unknown}
 m - 2 potions of brilliance
 z - 2 potions of curing
 D - a potion of haste


   Skills:
 * Level 5.4 Fighting
 + Level 0.1 Short Blades
 + Level 3.6 Armour
 + Level 7.7 Dodging
 - Level 1.4 Stealth
 - Level 3.2 Shields
 + Level 11.9 Unarmed Combat
 - Level 1.0 Evocations


You had 9 spell levels left.
You didn't know any spells.
Your spell library contained the following spells:

 Spells                   Type           Power      Damage    Failure   Level
 Beastly Appendage        Tmut           0%         N/A       36%         1
 Slow                     Hex            0%         N/A       50%         2
 Sublimation of Blood     Necr           0%         N/A       50%         2
 Wereblood                Tmut           0%         N/A       50%         2
 Confusing Touch          Hex            0%         N/A       73%         3
 Conjure Flame            Conj/Fire      0%         6-21      73%         3
 Ignite Poison            Fire/Tmut/Pois 0%         N/A       73%         3
 Inner Flame              Hex/Fire       0%         N/A       73%         3
 Spider Form              Tmut/Pois      0%         N/A       73%         3
 Cause Fear               Hex            0%         N/A       98%         4
 Passage of Golubria      Tloc           N/A        N/A       98%         4
 Petrify                  Tmut/Erth      0%         N/A       98%         4
 Sticky Flame             Conj/Fire      0%         2d3       98%         4
 Irradiate                Conj/Tmut      0%         3d14      100%        5
 Silence                  Hex/Air        0%         N/A       100%        5
 Yara's Violent Unravell  Hex/Tmut       0%         3d3       100%        5
 Discord                  Hex            0%         N/A       100%        8
 Lehudib's Crystal Spear  Conj/Erth      0%         10d2      100%        8


Dungeon Overview and Level Annotations

Branches:
Dungeon (11/15)            Temple (0/1) D:7             Orc (0/2) D:9
   Lair: D:8-11

Altars:
Cheibriados
Xom

Shops:
D:1 [   D:3 (   D:5 (   D:10 (

Annotations:
D:11 Snorg


Innate Abilities, Weirdness & Mutations

You are partially covered in molten scales. (AC +2)
You are powered by pain.
You have supernaturally acute eyesight. (SInv)
You possess an exceptional clarity of mind.
You are robust. (+10% HP)
Your spells are a little harder to cast, but a little more powerful.
You expend magic power (3 MP) to strengthen your wands.


Message History

You closely miss Snorg. Snorg bites you but does no damage.
Snorg barely misses you. Snorg claws you but does no damage.
You closely miss Snorg.
The meliai calls down the wrath of its god upon you.
Something smites you! Snorg completely misses you.
Snorg claws you but does no damage. Snorg completely misses you.
You hit Snorg but do no damage. Snorg bites you! Snorg closely misses you.
Snorg claws you but does no damage.
The meliai calls upon its god to heal the meliai.
The meliai's wounds heal themselves!
The meliai buzzes angrily.
You punch Snorg!
Snorg is lightly wounded.
Snorg bites you. Snorg closely misses you. Snorg claws you but does no damage.
You punch Snorg!
Snorg is moderately wounded.
You hit Snorg.
Snorg is moderately wounded.
Snorg bites you! Snorg claws you. x2
A two-headed ogre comes into view. It is wielding two +0 giant clubs.
As you read the scroll of teleportation, it crumbles to dust.
You feel strangely unstable.
The two-headed ogre shouts in stereo!
Snorg closely misses you. Snorg claws you but does no damage.
Snorg barely misses you.
The meliai invokes the aid of its god against you.
Something smites you!
* * * LOW HITPOINT WARNING * * *
You focus on the pain.
You feel very mighty all of a sudden. The meliai hits you with a +0 hand axe.
* * * LOW HITPOINT WARNING * * *
The meliai closely misses you.
Snorg goes berserk!
The meliai mumbles some strange prayers to its god against you.
Something smites you!
* * * LOW HITPOINT WARNING * * *
You block the meliai's attack. The meliai stings you!
You die...
Xom is highly amused!

...y§.<...........##..#
y...#.............#..####
...####..#............#.######
... #..................##..##
.. .....O...........#.).#)..#
.# ...##...........[.###....##
. ....
#....yTy......####...#### ....
###...#.y......#........#
....###.####@.........##....#
.....#.§.####.............#...
...........................#...
...............#..............#
..c..##........................
............##....##.....###...
.c..........###..........###...
......c.......................#
#...........................#


You could see Snorg (berserk), a two-headed ogre and 3 meliai.

Vanquished Creatures
  Erica (D:8)
  Maurice (D:11)
  6 centaur zombies
  A water nymph (D:9)
  An unseen horror (D:10)
  A komodo dragon (D:11)
  A troll (D:10)
  A vampire (D:10)
  8 yaks (D:10)
  Grum (D:10)
  A steam dragon (D:7)
  An acid dragon (D:11)
  An orc warrior (D:10)
  2 black bears
  A sky beast (D:6)
  An ice beast (D:7)
  2 wolves (D:10)
  An ogre (D:5)
  5 centaurs
  A phantom (D:7)
  2 bullfrogs
  A scorpion (D:5)
  A gnoll sergeant (D:7)
  A water moccasin zombie (D:5)
  A water moccasin skeleton (D:4)
  A jelly (D:8)
  2 howler monkeys (D:8)
  A wight (D:7)
  3 bullfrog zombies
  Crazy Yiuf (D:3)
  An orc priest (D:5)
  6 hounds
  2 centaur skeletons (D:6)
  An iguana (D:6)
  4 orc wizards
  A killer bee zombie (D:5)
  A hound skeleton (D:4)
  5 gnolls (D:7)
  5 adders
  A shadow imp (D:7)
  3 white imps
  An ufetubus (D:6)
  A worm (D:4)
  5 dart slugs
  23 orcs
  4 bats
  4 endoplasms
  3 giant cockroaches
  5 goblins
  4 hobgoblins (D:1)
  8 jackals
  3 quokkas
  3 training dummies (D:5)
  5 ball pythons
  2 frilled lizards
  10 kobolds
  A rat (D:2)
164 creatures vanquished.

Vanquished Creatures (collateral kills)
  A hydra (D:8)
  A two-headed ogre (D:11)
  Grinder (D:3)
  A kobold brigand (D:8)
  2 howler monkeys (D:8)
  3 orc wizards (D:8)
  10 orcs
  A kobold (D:8)
20 creatures vanquished.

Vanquished Creatures (others)
  A hornet (D:9)
  2 yaks (D:10)
  An orc warrior (D:9)
  2 orcs (D:9)
6 creatures vanquished.

Grand Total: 190 creatures vanquished

Notes
Turn   | Place    | Note
-------+----------+-------------------------------------------
     0 | D:1      | Gabide the Demonspawn Chaos Knight began the quest for the
                  | Orb.
     0 | D:1      | Reached XP level 1. HP: 18/18 MP: 1/1
    80 | D:1      | XOM: silly message
   157 | D:1      | Reached skill level 3 in Unarmed Combat
   162 | D:1      | Gained mutation: You sometimes gain a little power by
                  | taking damage. [demonic ancestry]
   162 | D:1      | Reached XP level 2. HP: 10/24 MP: 2/2
   353 | D:1      | Found a faded altar of an unknown god.
   669 | D:1      | XOM: draining
   833 | D:1      | Found Fiyr's Antique Armour Emporium.
  1071 | D:2      | Reached XP level 3. HP: 25/25 MP: 3/3
  1280 | D:2      | XOM is BORED!
  1339 | D:2      | Reached skill level 1 in Dodging
  1352 | D:2      | Reached skill level 4 in Unarmed Combat
  1651 | D:3      | Noticed Grinder
  1659 | D:3      | XOM: confuse monster(s)
  1661 | D:3      | XOM: enchant monster (good)
  1662 | D:3      | XOM: confusion (+ monsters)
  1673 | D:3      | XOM: summons 3 friendly demons
  1688 | D:3      | Killed Grinder
  1689 | D:3      | Reached skill level 5 in Unarmed Combat
  1689 | D:3      | Reached XP level 4. HP: 2/35 MP: 4/4
  1689 | D:3      | Gained mutation: You sometimes gain power by taking damage.
                  | [demonic ancestry]
  1689 | D:3      | Reached XP level 5. HP: 3/41 MP: 5/5
  1766 | D:3      | XOM: 3-stop teleportation journey
  1778 | D:3      | HP: 2/41 [orc wizard/puff of flame (10)]
  2075 | D:3      | XOM: scenery: create altars
  2266 | D:3      | Found Ylucav's Antique Weapon Shoppe.
  2752 | D:3      | Found a runed translucent door.
  2753 | D:3      | Noticed Crazy Yiuf
  2756 | D:3      | XOM: god gift: 57 gold pieces
  2768 | D:3      | Killed Crazy Yiuf
  2769 | D:3      | Reached XP level 6. HP: 34/47 MP: 6/6
  3011 | D:4      | Found a snail-covered altar of Cheibriados.
  3030 | D:4      | XOM: 1-stop teleportation journey
  3163 | D:4      | XOM: 1-stop teleportation journey
  3274 | D:4      | XOM: god gift: brown potion {god gift}
  3392 | D:4      | XOM: scenery: create altars
  3812 | D:5      | Entered Level 5 of the Dungeon
  3853 | D:5      | XOM: 1-stop teleportation journey
  3860 | D:5      | XOM: enchant monster (good)
  3870 | D:5      | Reached skill level 1 in Stealth
  3870 | D:5      | Reached skill level 6 in Unarmed Combat
  4191 | D:5      | Gained mutation: You are partially covered in molten
                  | scales. (AC +2) [demonic ancestry]
  4191 | D:5      | Reached XP level 7. HP: 33/52 MP: 7/7
  4624 | D:5      | Reached skill level 7 in Unarmed Combat
  4997 | D:5      | Reached XP level 8. HP: 52/58 MP: 8/8
  5254 | D:5      | Found Qusag's Firing Range.
  5419 | D:6      | Reached skill level 8 in Unarmed Combat
  5792 | D:6      | XOM: noise
  5954 | D:6      | XOM is BORED!
  6270 | D:6      | XOM: cloud trail
  6476 | D:7      | XOM: 2-stop teleportation journey
  6637 | D:7      | XOM: smoke on damage
  6654 | D:7      | XOM: swap monsters
  6662 | D:7      | Reached skill level 9 in Unarmed Combat
  6694 | D:7      | Identified the +2 robe "Bibaero" {rPois Regen+}
  6712 | D:7      | XOM: god gift: 25 stones
  6765 | D:7      | XOM: scenery: 1 doors open
  6876 | D:7      | Gained mutation: You are powered by pain. [demonic
                  | ancestry]
  6876 | D:7      | Reached XP level 9. HP: 60/65 MP: 9/9
  6932 | D:7      | Reached skill level 1 in Shields
  6973 | D:7      | Found a staircase to the Ecumenical Temple.
  7084 | D:7      | Identified the ring "Siureh" {Ice *Slow rCorr Str+4 Slay+3}
  7159 | D:7      | Reached skill level 5 in Dodging
  7227 | D:7      | XOM: give mutations
  7227 | D:7      | Gained mutation: You expend magic power (3 MP) to
                  | strengthen your wands. [Xom's grace]
  7227 | D:7      | Gained mutation: Your spells are a little harder to cast,
                  | but a little more powerful. [Xom's grace]
  7227 | D:7      | Gained mutation: You possess an exceptional clarity of
                  | mind. [Xom's grace]
  7358 | D:7      | XOM: give mutations
  7358 | D:7      | Gained mutation: You are robust. (+10% HP) [Xom's grace]
  7358 | D:7      | Gained mutation: You have supernaturally acute eyesight.
                  | (SInv) [Xom's grace]
  7381 | D:8      | Noticed Erica
  7388 | D:8      | XOM: fog
  7389 | D:8      | XOM: summons 7 friendly demons
  7403 | D:8      | Killed Erica
  7404 | D:8      | Reached skill level 10 in Unarmed Combat
  7517 | D:8      | Noticed an eight-headed hydra
  7521 | D:8      | Killed an eight-headed hydra
  7581 | D:8      | XOM: 1-stop teleportation journey
  8028 | D:9      | Reached XP level 10. HP: 78/78 MP: 10/10
  8114 | D:9      | Noticed a two-headed ogre
  8119 | D:9      | XOM: scenery: summon butterflies
  8126 | D:9      | XOM: divine lightning
  8133 | D:9      | Noticed a water nymph
  8133 | D:9      | a two-headed ogre changed into a water nymph
  8133 | D:9      | XOM: polymorph two-headed ogre -> water nymph
  8229 | D:9      | XOM: fog
  8364 | D:9      | Found a staircase to the Orcish Mines.
  8434 | D:9      | XOM: summons 6 hostile demons
  8491 | D:9      | XOM: butterfly on damage
  8494 | D:9      | Killed a water nymph
  8695 | D:10     | Entered Level 10 of the Dungeon
  8698 | D:10     | Noticed Grum
  8698 | D:10     | XOM: divination: detect items
  8711 | D:10     | Killed Grum
  8751 | D:10     | Found Kiucwiopt's Weapon Shop.
  8846 | D:10     | XOM: 4-stop teleportation journey
  8864 | D:10     | XOM: destruction
  8869 | D:10     | XOM: destruction
  8872 | D:10     | XOM: summons 2 friendly demons
  8878 | D:10     | Reached skill level 11 in Unarmed Combat
  8974 | D:10     | XOM: divination: detect creatures
  9049 | D:10     | XOM is BORED!
  9057 | D:10     | XOM: divine lightning
  9062 | D:10     | Reached skill level 1 in Evocations
  9099 | D:10     | XOM: divination: detect items
  9129 | D:10     | XOM: fog
  9133 | D:10     | XOM: god gift: 15 stones
  9386 | D:11     | XOM: scenery: summon butterflies
  9388 | D:11     | XOM: butterfly on damage
  9396 | D:11     | Reached skill level 5 in Fighting
  9396 | D:11     | Noticed a two-headed ogre
  9406 | D:11     | XOM: summons 5 friendly demons
  9411 | D:11     | Killed a two-headed ogre
  9489 | D:11     | Noticed Maurice
  9499 | D:11     | XOM: summons friendly quasit
  9519 | D:11     | Killed Maurice
  9557 | D:11     | Noticed Snorg
  9650 | D:11     | XOM: 10-stop teleportation journey
  9667 | D:11     | Noticed a two-headed ogre
  9669 | D:11     | Slain by a meliai

Illustrated notes

Levels and vault maps discovered:
D:1:      dpeg_arrival_castle, layout_basic, serial_shops, shop,
          shapermc_ecumenical_altar_starsandcircs
D:2:      layout_rooms, minmay_tree_intersection
D:3:      layout_rooms, serial_shops, nicolae_lakefront_shop, uniq_grinder,
          uniq_crazy_yiuf_cottage
D:4:      layout_loops_ring, slow_altar_1, serial_bayou_pond_d
D:5:      layout_basic, nicolae_shop_firing_range
D:6:      wander_river, layout_cave_pools, kennysheep_generic_room_12
D:7:      layout_basic, minmay_temple_entry_hall, st_stairs_13,
          eino_tiny_chamber, minmay_quadrilaterals
D:8:      layout_gridville, uniq_erica
D:9:      layout_basic, orc_0_dummy
D:10:     layout_roguey, serial_shops, shop, serial_corexii_hall,
          chequers_hall_statues_wall_a, corexii_hall_statues_u, uniq_grum
D:11:     layout_cave_pools, lair_entry_dummy, uniq_maurice, uniq_snorg

Skill      XL: |  1  2  3  4  5  6  7  8  9 10 |
---------------+-------------------------------+-----
Unarmed Combat | 3 5 6 7 9 10 11 | 11.9
Dodging        | 1 2 4 6 7 |  7.7
Armour         | 2 3 |  3.6
Stealth        | 1 |  1.4
Shields        | 2 3 |  3.2
Fighting       | 4 5 |  5.4
Evocations     | 1 |  1.0
Short Blades   | |  0.1

Action                   |  1- 3 |  4- 6 |  7- 9 | 10-12 || total
-------------------------+-------+-------+-------+-------++-------
Melee: Unarmed           |   160 |   189 |   339 |   205 ||   893
       Punch             |     1 |     2 |    20 |    12 ||    35
       Short sword       |       |     3 |       |       ||     3
Throw: Throwing net      |       |       |     1 |       ||     1
Evoke: Wand              |       |       |     3 |     5 ||     8
  Use: Scroll            |     3 |     2 |     2 |     5 ||    12
       Potion            |       |     2 |       |       ||     2
 Stab: Sleeping          |     1 |     1 |     6 |       ||     8
       Confused          |     1 |       |       |       ||     1
       Distracted        |       |     1 |     3 |     1 ||     5
Armor: Leather armour    |    54 |    51 |    95 |       ||   200
       Robe              |       |       |    52 |    64 ||   116
Dodge: Dodged            |    75 |    94 |   174 |   132 ||   475
Block: Other             |       |       |    41 |    50 ||    91
       Reflection        |       |       |     5 |     1 ||     6
